 Dungeon Crawl Stone Soup version 0.26-a0-818-g75db068ed4 (webtiles) character file.

Game seed: 17642597513459635448

9380 strifetoe the Cleaver (level 11, -6/71 HPs)
             Began as a Gargoyle Fighter on Nov 15, 2020.
             Was an Elder of Ru.
             Mangled by a two-headed ogre
             ... wielding a +0 giant club
              (9 damage)
             ... on level 12 of the Dungeon.
             The game lasted 00:12:31 (10199 turns).

strifetoe the Cleaver (Gargoyle Fighter)           Turns: 10199, Time: 00:12:31

Health: -6/71      AC: 23    Str: 22      XL:     11   Next: 45%
Magic:  11/11      EV:  6    Int:  8      God:    Ru [****..]
Gold:   550        SH:  9    Dex:  8 (9)  Spells: 10/10 levels left

rFire    . . .     SeeInvis +   i - +4 war axe
rCold    + . .     Faith    .   c - +0 kite shield
rNeg     + . .     Spirit   .   g - +0 chain mail
rPois    ∞         Reflect  .   s - +2 hat {MR+}
rElec    +         Harm     .   (no cloak)
rCorr    .         Rampage  .   (no gloves)
MR       +....                  t - +1 pair of boots
Stlth    ..........             (no amulet)
HPRegen  0.21/turn              n - ring of protection from cold
MPRegen  0.12/turn              a - ring of see invisible

@: no status effects
A: dopey 1, negative energy resistance 1, electricity resistance, unbreathing,
petrification resistance, rot immunity, inability to use devices, inability to
train dodging, AC +8
a: Draw Out Power, Power Leap, Renounce Religion


You were on level 12 of the Dungeon.
You worshipped Ru.
Ru was greatly pleased with you.
You visited 1 branch of the dungeon, and saw 12 of its levels.

You collected 550 gold pieces.

Inventory:

Hand Weapons
 i - a +4 war axe (weapon)
 u - a +1 vorpal dire flail
 y - a +3 flail
Armour
 b - a +0 scale mail
 c - a +0 kite shield (worn)
 g - a +0 chain mail (worn)
 o - a +1 helmet
 s - a +2 hat of magic resistance (worn)
 t - a +1 pair of boots (worn)
Jewellery
 a - a ring of see invisible (right hand)
 n - a ring of protection from cold (left hand)
 E - an uncursed ring of wizardry
Scrolls
 f - 5 scrolls of teleportation
 j - a scroll of identify
 k - 5 scrolls of remove curse
 m - 2 scrolls of enchant armour
 A - 2 scrolls of enchant weapon
Potions
 d - a potion of might
 e - 7 potions of curing
 h - 3 potions of brilliance
 l - a potion of berserk rage
 p - a potion of magic
 v - 3 potions of flight
 w - a potion of heal wounds
 x - a potion of attraction {unknown}
 z - 2 potions of lignification {unknown}
 B - 2 potions of cancellation {unknown}
 C - a potion of degeneration {unknown}
 D - a potion of haste {unknown}
 G - a potion of mutation {unknown}


   Skills:
 - Level 9.4 Fighting
 + Level 12.3 Axes
 - Level 9.3 Armour
 - Level 3.2 Shields


You had 10 spell levels left.
You didn't know any spells.
Your spell library contained the following spells:

 Spells                   Type           Power        Failure   Level
 Shock                    Conj/Air       #...         100%        1
 Summon Small Mammal      Summ           #...         100%        1
 Call Imp                 Summ           #.......     100%        2
 Swiftness                Air            #.......     100%        2
 Call Canine Familiar     Summ           #.......     100%        3
 Static Discharge         Conj/Air       #.......     100%        3
 Summon Guardian Golem    Hex/Summ       #.......     100%        3
 Airstrike                Air            #.........   100%        4
 Summon Ice Beast         Ice/Summ       #.......     100%        4
 Summon Lightning Spire   Summ/Air       #.......     100%        4
 Lightning Bolt           Conj/Air       #.........   100%        5


Dungeon Overview and Level Annotations

Branches:
Dungeon (12/15)            Temple (0/1) D:5            Lair (0/6) D:8
    Orc: D:9-12

Altars:
Cheibriados
Dithmenos
Elyvilon
Fedhas
Gozag
Ru
Xom
Zin

Annotations:
D:11 Erica


Innate Abilities, Weirdness & Mutations

You are resistant to torment.
Your stone body is resilient. (AC +8)
You are immune to poison.
You are dopey. (Int -2)
You resist negative energy. (rN+)
You are resistant to electric shocks. (rElec)
You can survive without breathing.
You are immune to petrification.
You are immune to rotting.
You cannot study or use magical devices.
You cannot train Dodging skill.


Message History

The two-headed ogre is severely wounded.
You slash the orc!
You kill the orc!
Your shield prevents you from hitting the two-headed ogre.
The two-headed ogre is severely wounded.
The two-headed ogre hits you with a +0 giant club!!
* * * LOW HITPOINT WARNING * * *
You focus your will and blind the two-headed ogre in retribution!
The two-headed ogre barely misses you.
Unknown command.
You hit the two-headed ogre.
The two-headed ogre is severely wounded.
The two-headed ogre hits you with a +0 giant club!
* * * LOW HITPOINT WARNING * * *
The two-headed ogre closely misses you.
Unknown command.
You barely miss the two-headed ogre.
The two-headed ogre is severely wounded.
The two-headed ogre hits you with a +0 giant club!
You die...

.....
....
#...
##...
#....
#....##
#...†.#
#..O@#
#...##
.......
.......
.......
.......
.......
.......


You could see a two-headed ogre (blind).

Vanquished Creatures
  Gastronok (D:8)
  A two-headed ogre (D:8)
  2 skeletal warriors (D:9)
  A troll (D:10)
  A hornet (D:10)
  13 yaks
  Edmund (D:5)
  A water moccasin (D:6)
  A black bear (D:7)
  5 orc warriors
  A sky beast (D:8)
  A phantom (D:7)
  2 ice beasts
  3 ogres
  A necrophage (D:6)
  The ghost of Meejax the Sneak, an amateur DsDe of Trog (D:3)
  4 centaurs
  2 bullfrogs
  3 scorpions
  3 killer bees (D:9)
  2 howler monkeys
  A wight (D:3)
  A bullfrog zombie (D:7)
  A quasit (D:10)
  6 orc priests
  3 hounds
  4 bullfrog skeletons
  2 centaur skeletons
  Ijyb (D:4)
  5 iguanas
  7 orc wizards
  6 worker ants
  2 hound zombies
  3 hound skeletons
  A worker ant zombie (D:7)
  4 gnolls
  16 adders
  A shadow imp (D:7)
  A white imp (D:7)
  2 ufetubi
  3 oozes
  2 adder skeletons
  An adder zombie (D:5)
  2 worms
  2 dart slugs (D:3)
  4 leopard geckos
  29 orcs
  A ball python (D:8)
  4 giant cockroaches
  10 goblins
  2 hobgoblins
  11 quokkas
  7 bats
  6 frilled lizards
  A jackal skeleton (D:7)
  6 kobolds
  A leopard gecko skeleton (D:7)
  5 rats
214 creatures vanquished.

Vanquished Creatures (others)
  A skeletal warrior (D:9)
  An orc (D:9)
  24 plants (D:4)
26 creatures vanquished.

Grand Total: 240 creatures vanquished

Notes
Turn   | Place    | Note
-------+----------+-------------------------------------------
     0 | D:1      | strifetoe the Gargoyle Fighter began the quest for the Orb.
     0 | D:1      | Reached XP level 1. HP: 14/14 MP: 1/1
    28 | D:1      | Reached skill level 2 in Axes
   197 | D:1      | Reached XP level 2. HP: 19/19 MP: 2/2
   293 | D:1      | You fall into a shaft and drop 1 floor!
   311 | D:2      | Reached skill level 3 in Axes
   314 | D:2      | Reached XP level 3. HP: 21/23 MP: 3/3
   315 | D:2      | Found a shadowy altar of Dithmenos.
   376 | D:2      | Found a white marble altar of Elyvilon.
   559 | D:2      | Found an opulent altar of Gozag.
   742 | D:2      | Found a shimmering altar of Xom.
   744 | D:2      | Found a sacrificial altar of Ru.
  1021 | D:3      | Reached XP level 4. HP: 25/28 MP: 4/4
  1171 | D:3      | Noticed Meejax's ghost (amateur DsDe)
  1176 | D:3      | Found a runed translucent gate.
  1176 | D:3      | Found a runed translucent gate.
  1176 | D:3      | Found a runed translucent gate.
  1200 | D:3      | Reached skill level 4 in Axes
  1330 | D:3      | Reached XP level 5. HP: 30/32 MP: 5/5
  1693 | D:3      | Reached skill level 5 in Axes
  2124 | D:4      | Reached XP level 6. HP: 37/37 MP: 6/6
  2548 | D:4      | Noticed Ijyb
  2570 | D:4      | Killed Ijyb
  2571 | D:4      | Reached skill level 6 in Axes
  3004 | D:2      | Found a snail-covered altar of Cheibriados.
  3015 | D:2      | Became a worshipper of Ru the Awakened
  3083 | D:5      | Entered Level 5 of the Dungeon
  3091 | D:5      | Noticed Edmund
  3100 | D:5      | Killed Edmund
  3101 | D:5      | Reached XP level 7. HP: 41/41 MP: 7/7
  3297 | D:5      | Found a staircase to the Ecumenical Temple.
  3319 | D:5      | Reached skill level 7 in Axes
  3861 | D:3      | Killed Meejax's ghost
  3998 | D:5      | Reached skill level 8 in Axes
  4178 | D:6      | Reached XP level 8. HP: 46/46 MP: 8/8
  4418 | D:6      | Reached skill level 9 in Axes
  4984 | D:6      | Found a glowing silver altar of Zin.
  4984 | D:6      | Noticed an angel
  5107 | D:6      | Gained mutation: You cannot study or use magical devices.
                  | [Ru sacrifice]
  5107 | D:6      | Reached * piety under Ru
  5107 | D:6      | Reached ** piety under Ru
  5310 | D:6      | Reached skill level 10 in Axes
  5455 | D:7      | Reached XP level 9. HP: 36/52 MP: 9/9
  6115 | D:7      | Reached skill level 5 in Fighting
  6115 | D:7      | Reached skill level 5 in Armour
  6389 | D:8      | Noticed Gastronok
  6407 | D:8      | Killed Gastronok
  6408 | D:8      | Reached XP level 10. HP: 54/64 MP: 10/10
  6598 | D:8      | Found a staircase to the Lair.
  6603 | D:8      | Noticed a two-headed ogre
  6616 | D:8      | Killed a two-headed ogre
  7234 | D:8      | Gained mutation: You are dopey. (Int -2) [Ru sacrifice]
  7234 | D:8      | Reached *** piety under Ru
  7590 | D:9      | Noticed a skeletal warrior
  7590 | D:9      | Noticed a skeletal warrior
  7613 | D:9      | Killed a skeletal warrior
  7887 | D:9      | Noticed a skeletal warrior
  7887 | D:9      | Noticed a skeletal warrior
  7950 | D:9      | Killed a skeletal warrior
  7951 | D:9      | Reached skill level 11 in Axes
  7951 | D:9      | Reached XP level 11. HP: 71/71 MP: 11/11
  8542 | D:9      | Found a blossoming altar of Fedhas.
  8730 | D:9      | Killed a skeletal warrior
  9225 | D:10     | Entered Level 10 of the Dungeon
  9256 | D:10     | Reached skill level 12 in Axes
  9721 | D:10     | Gained mutation: You cannot train Dodging skill. [Ru
                  | sacrifice]
  9721 | D:10     | Reached **** piety under Ru
 10104 | D:11     | Noticed an unseen horror
 10154 | D:11     | Noticed Erica
 10173 | D:11     | Noticed a two-headed ogre
 10198 | D:12     | HP: 3/71 [two-headed ogre/+0 giant club (12)]
 10199 | D:12     | Mangled by a two-headed ogre

Illustrated notes

Levels and vault maps discovered:
D:1:      wander_arrival_abandoned_jail, layout_loops_ring, item_on_display_a
D:2:      layout_basic, elyvilon_altar_5, nicolae_overflow_hidden_temple,
          grunt_dithmenos_smoke_and_mirrors, guppyfry_early_lair_pool
D:3:      layout_basic, gammafunk_ghost_split, st_stairs_4
D:4:      wad_woods_pond, layout_loops_corners, uniq_ijyb
D:5:      layout_gridville, minmay_temple_entry_mist, uniq_edmund
D:6:      layout_loops_cross, zin_angel, minivault_1
D:7:      layout_basic
D:8:      layout_loops_ring, lair_entry_dummy, uniq_gastronok
D:9:      layout_basic, kennysheep_mini
D:10:     layout_irregular_city, minmay_microvault
D:11:     layout_big_octagon, zombieorc2_lemuel, gauntlet_entry_generic,
          uniq_erica
D:12:     layout_gridville, basic_altar, minmay_diced_spiral, uniq_rupert,
          uniq_nessos

Skill      XL: |  1  2  3  4  5  6  7  8  9 10 11 |
---------------+----------------------------------+-----
Axes           | 2 3 4 5 6 8 10 11 12 | 12.3
Fighting       | 7 9 |  9.4
Armour         | 7 9 |  9.3
Shields        | |  3.2

Action                   |  1- 3 |  4- 6 |  7- 9 | 10-12 || total
-------------------------+-------+-------+-------+-------++-------
Melee: War axe           |    77 |   154 |   253 |   279 ||   763
Invok: Sacrifice Artific |       |       |     1 |       ||     1
       Draw Out Power    |       |       |       |     1 ||     1
       Sacrifice Purity  |       |       |       |     1 ||     1
       Sacrifice Nimblen |       |       |       |     1 ||     1
Evoke: Wand              |       |     3 |       |       ||     3
  Use: Scroll            |       |       |    10 |    10 ||    20
       Potion            |       |       |     1 |     4 ||     5
 Stab: Distracted        |       |       |       |     1 ||     1
Armor: Scale mail        |    48 |    94 |    54 |       ||   196
       Chain mail        |       |       |    90 |   147 ||   237
Dodge: Dodged            |    24 |    57 |    50 |    62 ||   193
Block: Kite shield       |    34 |    65 |   109 |   104 ||   312

Table legend: (Time is in decaauts)
 A = Elapsed time spent in this place.
 B = Non-inter-level travel time spent in this place.
 C = Inter-level travel time spent in this place.
 D = Time resting spent in this place.
 E = Time spent auto-exploring this place.
 F = Levels seen in this place.
 G = Mean time per level.
                   A        B        C        D        E       F      G
               +--------+--------+--------+--------+--------+-----+--------+
         Total |  10343 |   9845 |    498 |   1843 |   6234 |  12 |  861.9 |
       Dungeon |  10343 |   9845 |    498 |   1843 |   6234 |  12 |  861.9 |
               +--------+--------+--------+--------+--------+-----+--------+

Top non-repeatable levels by time:
     D:9: 1825 daAuts
     D:3: 1202 daAuts
     D:4: 1157 daAuts
     D:5: 1150 daAuts
     D:8: 1070 daAuts
     D:7: 1002 daAuts
     D:6: 942 daAuts
    D:10: 920 daAuts
     D:2: 712 daAuts
     D:1: 308 daAuts
    D:11: 45 daAuts
    D:12: 4 daAuts
